 Seeded DCSS version 0.30-a0-691-g754fce4c43 (webtiles) character file.

Game seed: 9403513121866162502 (custom seed)

63 hikkokomori the Vexing (level 4, -3/34 HPs)
             Began as a Formicid Hexslinger on Jan 20, 2023.
             Slain by a bullfrog (7 damage)
             ... on level 3 of the Dungeon.
             The game lasted 00:02:05 (1546 turns).

hikkokomori the Vexing (Formicid Hexslinger)        Turns: 1546, Time: 00:02:06

Health: -3/34      AC:  2    Str: 14    XL:     4   Next: 30%
Magic:  4/5        EV: 13    Int: 13    God:
Gold:   122        SH:  0    Dex: 16    Spells: 4/5 levels left

rFire   . . .      SeeInvis +    a - +1 sling
rCold   . . .      Faith    .    (no shield)
rNeg    . . .      Spirit   .    c - +0 robe
rPois   .          Reflect  .    (helmet unavailable)
rElec   .          Harm     .    (no cloak)
rCorr   .          Rampage  .    (no gloves)
Will    .....                    (no boots)
Stlth   +                        (no amulet)
HPRegen 0.25/turn                (no ring)
MPRegen 0.09/turn                (no ring)

@: no status effects
A: permanent stasis, dig shafts and tunnels, antennae 3, four strong arms
a: Dig, Shaft Self


You were on level 3 of the Dungeon.
You visited 1 branch of the dungeon, and saw 3 of its levels.

You collected 122 gold pieces.

Inventory:

Hand Weapons
 a - a +1 sling (weapon)
Armour
 c - a +0 robe (worn)
Scrolls
 b - 2 scrolls of poison
 d - 2 scrolls of amnesia {unknown}
 e - a scroll of teleportation {unknown}
 f - a scroll of butterflies {unknown}
 g - 2 scrolls of enchant armour {unknown}
 h - a scroll of enchant weapon {unknown}
 k - a scroll of vulnerability {unknown}
Potions
 i - a potion of heal wounds {unknown}
 j - a potion of might {unknown}
 l - a potion of berserk rage {unknown}
 m - a potion of degeneration {unknown}
 n - a potion of haste {unknown}


   Skills:
 + Level 2.5 Fighting
 + Level 2.9 Ranged Weapons
 + Level 2.6 Dodging
 - Level 1.1 Spellcasting
 - Level 3.6 Hexes


You had 4 spell levels left.
You knew the following spells:

 Your Spells              Type           Power      Damage    Failure   Level
a - Slow                  Hex            40%        N/A       6%          1

Your spell library contained the following spells:

 Spells                   Type           Power      Damage    Failure   Level
 Magic Dart               Conj           0%         1d3       28%         1
 Dazzling Flash           Conj/Hex       10%        N/A       36%         3
 Inner Flame              Hex/Fire       5%         N/A       36%         3
 Portal Projectile        Hex/Tloc       10%        N/A       36%         3
 Call Imp                 Summ           0%         N/A       38%         2
 Cause Fear               Hex            5%         N/A       54%         4
 Mephitic Cloud           Conj/Pois/Air  0%         N/A       63%         3
 Silence                  Hex/Air        2%         N/A       98%         5
 Agony                    Necr           0%         N/A       100%        5


Dungeon Overview and Level Annotations

Branches:
Dungeon (3/15)

Altars:

Shops:
D:3 !


Innate Abilities, Weirdness & Mutations

You cannot be hasted, slowed, berserked, paralysed or teleported.
You can dig through walls and to a lower floor.
You have a pair of large antennae on your head. (SInv)
Your four strong arms can wield two-handed weapons with a shield.


Message History

A bullfrog is nearby!
A bullfrog is nearby!
You can't see any susceptible monsters within range! (Use Z to cast anyway.) Unknown command.
Your line of fire to the bullfrog is blocked by a granite statue.
Unknown command.
The bullfrog gives a loud, deep croak!
The bullfrog resists with some effort.
The bullfrog resists with some effort.
The bullfrog hits you!
You shoot a sling bullet. The sling bullet hits the bullfrog!
The bullfrog is moderately wounded.
The bullfrog hits you! The bullfrog closely misses you.
You shoot a sling bullet.
The sling bullet closely misses the bullfrog.
The bullfrog hits you.
The bullfrog hits you but does no damage.
You are too injured to fight recklessly!
You are too injured to fight recklessly!
You shoot a sling bullet. The sling bullet hits the bullfrog.
The bullfrog is heavily wounded.
The bullfrog hits you. The bullfrog barely misses you.
You shoot a sling bullet. The sling bullet hits the bullfrog.
The bullfrog is severely wounded.
The bullfrog hits you.
* * * LOW HITPOINT WARNING * * *
You shoot a sling bullet.
The sling bullet closely misses the bullfrog.
The bullfrog barely misses you. The bullfrog completely misses you.
You shoot a sling bullet.
The sling bullet barely misses the bullfrog.
The bullfrog hits you.
* * * LOW HITPOINT WARNING * * *
The bullfrog barely misses you.
You shoot a sling bullet.
The sling bullet barely misses the bullfrog.
The bullfrog barely misses you. x2
You shoot a sling bullet.
The sling bullet barely misses the bullfrog.
The bullfrog hits you!
You die...

#8# # #.# #.
.∩< ###.##.#
.....8.
####....#######
.......F.......
###@....##
#..........
#.######...
#######'#...<#
.
#.........####
+...........#
###.........#
#####.#.#.#
#.#.#.#


You could see a bullfrog.

Vanquished Creatures
  An adder (D:2)
  A worm (D:2)
  2 endoplasms (D:2)
  10 giant cockroaches
  8 hobgoblins
  9 kobolds
  2 quokkas
  6 ball pythons
  2 frilled lizards (D:1)
  3 rats
44 creatures vanquished.

Notes
Turn   | Place    | Note
-------+----------+-------------------------------------------
     0 | D:1      | hikkokomori the Formicid Hexslinger began the quest for the
                  | Orb.
     0 | D:1      | Reached XP level 1. HP: 15/15 MP: 2/2
   120 | D:1      | Reached XP level 2. HP: 21/21 MP: 3/3
   308 | D:1      | Found a faded altar of an unknown god.
   610 | D:1      | Reached XP level 3. HP: 23/27 MP: 4/4
  1232 | D:2      | Reached XP level 4. HP: 33/33 MP: 3/5
  1535 | D:3      | Found Fack's Distillery.
  1535 | D:3      | Noticed a bullfrog
  1546 | D:3      | Slain by a bullfrog

Illustrated notes

Levels and vault maps discovered:
D:1:      matt_arrival_refuge, layout_basic,
          hellmonk_ecumenical_altar_inner_sanctum, serial_park_tiny_1,
          minmay_worlds_worst_comb
D:2:      layout_basic, uniq_robin
D:3:      layout_basic, mainiacjoe_overflow_small_starburst,
          lemuel_blue_sif_altar, ashenzari_conservatory_becter,
          lemuel_coloured_pillars_altar, serial_shops, nicolae_shop_statue_plus

Skill      XL: |  1  2  3 |
---------------+----------+-----
Dodging        | 2 |  2.6
Fighting       | 2 |  2.5
Ranged Weapons | |  2.9
Spellcasting   | |  1.1
Hexes          | |  3.6

Action                   |  1- 3 |  4- 6 || total
-------------------------+-------+-------++-------
 Fire: Sling             |   111 |    31 ||   142
 Cast: Slow              |     8 |     3 ||    11
Armor: Robe              |     6 |     1 ||     7
Dodge: Dodged            |    45 |     9 ||    54

Table legend: (Time is in decaauts)
 A = Elapsed time spent in this place.
 B = Non-inter-level travel time spent in this place.
 C = Inter-level travel time spent in this place.
 D = Time resting spent in this place.
 E = Time spent auto-exploring this place.
 F = Levels seen in this place.
 G = Mean time per level.
                   A        B        C        D        E       F      G
               +--------+--------+--------+--------+--------+-----+--------+
         Total |   1583 |   1560 |     23 |     75 |   1192 |   3 |  527.7 |
       Dungeon |   1583 |   1560 |     23 |     75 |   1192 |   3 |  527.7 |
               +--------+--------+--------+--------+--------+-----+--------+

Top non-repeatable levels by time:
     D:1: 852 daAuts
     D:2: 699 daAuts
     D:3: 31 daAuts
